 Dungeon Crawl Stone Soup version 0.18.1-50-g88ac8fd (webtiles) character file.

368 theElss the Conjurer (level 6, -1/42 HPs)
             Began as a High Elf Conjurer on Sept 26, 2016.
             Slain by a killer bee (4 damage)
             ... on level 3 of the Dungeon.
             The game lasted 00:12:17 (4751 turns).

theElss the Conjurer (High Elf Conjurer)            Turns: 4751, Time: 00:12:18

Health: -1/42      AC:  6    Str:  7    XL:     6   Next: 41%
Magic:  0/13       EV: 14    Int: 21    God:
Gold:   171        SH:  0    Dex: 16    Spells: 3 memorised, 6 levels left

rFire  . . .     SeeInvis .     r - +0 dagger
rCold  . . .     Gourm    +     a - +0 robe
rNeg   . . .     Faith    .     (no shield)
rPois  +         Spirit   .     u - +2 hat
rElec  .         Dismiss  .     n - +0 cloak
rCorr  .         Reflect  .     (no gloves)
SustAt .         Harm     .     j - +0 pair of boots
MR     .....                    x - amulet of the gourmand
Stlth  +++.......               t - ring of stealth
                                i - ring of poison resistance

@: lethally poisoned (-1 -> -6), not resistant to hostile enchantments, fairly
stealthy
A: no striking features
a: no special abilities


You were on level 3 of the Dungeon.
You were very full.

You visited 1 branch of the dungeon, and saw 4 of its levels.

You collected 171 gold pieces.

Inventory:

Hand Weapons
 d - a +0 club
 r - a +0 dagger (weapon)
Armour
 a - a +0 robe (worn)
 j - a +0 pair of boots (worn)
 n - a +0 cloak (worn)
 u - a +2 hat (worn)
Jewellery
 i - a ring of poison resistance (left hand)
 t - a ring of stealth (right hand)
 x - an amulet of the gourmand (around neck)
 y - an uncursed ring of ice
Scrolls
 e - 3 scrolls of remove curse
 l - 2 scrolls of enchant weapon {unknown}
 p - a scroll of random uselessness {unknown}
 v - a scroll of teleportation {unknown}
 w - a scroll of enchant armour {unknown}
 B - a scroll of fog {unknown}
Potions
 f - a potion of heal wounds
 g - a potion of curing {unknown}
 m - a potion of flight {unknown}
 o - a potion of berserk rage {unknown}
 q - a potion of resistance {unknown}
 s - a potion of degeneration {unknown}
 z - 2 potions of cancellation {unknown}
 A - 2 potions of might {unknown}
Books
 b - a book of Conjurations

   Spells                             Type                      Level
   a - Magic Dart                     Conjuration                  1
   b - Searing Ray                    Conjuration                  2
   c - Dazzling Spray                 Conjuration/Hexes            3
   d - Fulminant Prism                Conjuration/Hexes            4
   e - Iskenderun's Mystic Blast      Conjuration                  4
   f - Iskenderun's Battlesphere      Conjuration/Charms           5
Comestibles
 c - 2 bread rations
 h - a meat ration
 k - a beef jerky


   Skills:
 * Level 3.3 Fighting
 + Level 3.5 Dodging
 - Level 2.1 Stealth
 + Level 4.0 Spellcasting
 + Level 6.0 Conjurations


You had 6 spell levels left.
You knew the following spells:

 Your Spells              Type           Power        Failure   Level  Hunger
a - Magic Dart            Conj           ####         1%          1    None
c - Searing Ray           Conj           ####..       1%          2    #......
d - Iskenderun's Mystic   Conj           ####....     12%         4    ####...


Dungeon Overview and Level Annotations

Branches:
Dungeon (4/15)
 Temple: D:4-7

Altars:

Annotations:
D:4 theElss's ghost, amateur HECj


Message History

You feel sick. The killer bee barely misses you.
The killer bee completely misses you.
You barely miss the killer bee.
The killer bee is almost dead.
The killer bee stings you but does no damage.
The killer bee closely misses you.
You closely miss the killer bee.
The killer bee is almost dead.
You feel sick. The killer bee closely misses you. The killer bee stings you!
* * * LOW HITPOINT WARNING * * *
Casting: Magic Dart
Confirm with . or Enter, or press ? or * to list all spells.
Aiming: Magic Dart
Press: ? - help, Shift-Dir - straight line, f/p - killer bee
Aim: a killer bee (almost dead)
The magic dart hits the killer bee.
The killer bee is almost dead.
* * * LOW HITPOINT WARNING * * *
You feel sick. The killer bee misses you. The killer bee stings you.
You die...

......# #..#.....# ##### #.
....).# ##.#.)...# #...#########.
##)#)## #..#'#### #...#.........
##.#.# ##.#.# #...#.........
.....######...######...#.........
.......................#.........
####.............................
#.#######..#######.##.########
#.# #....>.y@.....##.#
#.################.##.# #####
#...# #.##.# #<..# #.###
#.##.#####.# #.# #.##.......# #.#
############ #.# #.# #.#


You could see a killer bee.

Vanquished Creatures
  2 killer bees (D:4)
  3 orc priests (D:3)
  Crazy Yiuf (D:2)
  A killer bee zombie (D:4)
  A gnoll (D:1)
  4 adders
  2 oozes
  A worm (D:3)
  A dart slug (D:2)
  5 giant geckos
  11 orcs (D:3)
  5 giant cockroaches
  6 goblins
  11 hobgoblins
  2 jackals (D:1)
  5 kobolds
  A quokka (D:2)
  3 ball pythons
  A bat (D:2)
  2 giant newts
  5 rats
73 creatures vanquished.

Notes
Turn   | Place    | Note
--------------------------------------------------------------
     0 | D:1      | theElss the High Elf Conjurer began the quest for the Orb.
     0 | D:1      | Reached XP level 1. HP: 11/11 MP: 4/4
   559 | D:1      | Reached XP level 2. HP: 9/18 MP: 4/6
   701 | D:1      | Learned a level 2 spell: Searing Ray
   859 | D:1      | Reached skill level 1 in Fighting
  1011 | D:1      | Reached skill level 5 in Conjurations
  1259 | D:1      | You fall through a shaft!
  1265 | D:2      | Reached XP level 3. HP: 23/23 MP: 1/7
  2211 | D:2      | Reached XP level 4. HP: 29/29 MP: 5/8
  2242 | D:2      | Learned a level 4 spell: Iskenderun's Mystic Blast
  2299 | D:2      | Noticed Crazy Yiuf
  2346 | D:2      | Killed Crazy Yiuf
  3363 | D:3      | Reached XP level 5. HP: 35/35 MP: 5/10
  4454 | D:4      | Reached skill level 6 in Conjurations
  4454 | D:4      | Reached XP level 6. HP: 42/42 MP: 7/12
  4727 | D:4      | Noticed theElss's ghost (amateur HECj)
  4751 | D:3      | Slain by a killer bee

Skill      XL: |  1  2  3  4  5  6 |
---------------+-------------------+-----
Fighting       | 1 2 3 |  3.3
Conjurations   | 5 6 |  6.0
Dodging        | 3 |  3.5
Spellcasting   | 3 4 |  4.0
Stealth        | |  2.1

Action                   |  1- 3 |  4- 6 || total
-------------------------+-------+-------++-------
Melee: Club              |    13 |     7 ||    20
       Dagger            |       |    20 ||    20
 Cast: Magic Dart        |    65 |    68 ||   133
       Searing Ray       |     3 |    11 ||    14
       Iskenderun's Myst |       |     8 ||     8
  Use: Scroll            |     1 |       ||     1
       Potion            |       |     1 ||     1
 Stab: Sleeping          |     1 |       ||     1
  Eat: Chunk             |     4 |    17 ||    21
Armor: Robe              |     4 |    15 ||    19
Dodge: Dodged            |    13 |    54 ||    67
